 Dungeon Crawl Stone Soup version 0.23.2-40-g277498a001 (webtiles) character file.

Game seed: 368897017458808483

525 Amplified the Skirmisher (level 7, -5/56 HPs)
             Began as a Demonspawn Fire Elementalist on Sept 23, 2019.
             Was an Initiate of Makhleb.
             Killed by divine providence
             ... invoked by an orc priest
              (11 damage)
             ... on level 5 of the Dungeon.
             The game lasted 00:08:16 (4467 turns).

Amplified the Skirmisher (DsFE)                     Turns: 4467, Time: 00:08:17

Health: -5/56      AC: 10    Str: 13    XL:     7   Next: 2%
Magic:  10/10      EV:  9    Int: 18    God:    Makhleb [......]
Gold:   140        SH:  0    Dex: 17    Spells: 9/10 levels left

rFire    + . .     SeeInvis .   l - +0 flail
rCold    . . .     Gourm    .   (no shield)
rNeg     . . .     Faith    .   j - +3 scale mail
rPois    .         Spirit   .   i - +0 helmet
rElec    .         Reflect  .   (no cloak)
rCorr    .         Harm     .   (no gloves)
MR       .....                  (no boots)
Stlth    +++.......             (no amulet)
HPRegen  0.18/turn              e - ring of protection from fire
MPRegen  0.12/turn              (no ring)

@: no status effects
A: thin skeletal structure 2, camouflage 1, blurry vision 1, clever 1, spiny 1,
strong 1
a: Renounce Religion


You were on level 5 of the Dungeon.
You worshipped Makhleb.
Makhleb was noncommittal.
You were not hungry.

You visited 1 branch of the dungeon, and saw 5 of its levels.

You collected 140 gold pieces.

Inventory:

Hand Weapons
 l - a +0 flail (weapon)
Armour
 i - a +0 helmet (worn)
 j - a +3 scale mail (worn)
Jewellery
 e - a ring of protection from fire (left hand)
Scrolls
 a - a scroll of enchant weapon
 b - 2 scrolls of amnesia
 d - 4 scrolls of identify
 f - 3 scrolls of magic mapping
Potions
 h - 3 potions of brilliance
 k - a potion of curing
Comestibles
 c - 10 rations


   Skills:
 * Level 5.0 Fighting
 * Level 4.3 Maces & Flails
 - Level 1.7 Dodging
 - Level 1.7 Stealth
 - Level 2.0 Spellcasting
 - Level 1.0 Conjurations
 - Level 2.6 Fire Magic
 + Level 2.1 Invocations


You had 9 spell levels left.
You knew the following spells:

 Your Spells              Type           Power        Failure   Level  Hunger
a - Flame Tongue          Conj/Fire      #....        38%         1    #......

Your spell library contained the following spells:

 Spells                   Type           Power        Failure   Level  Hunger
 Throw Flame              Conj/Fire      #.....       54%         2    ###....
 Conjure Flame            Conj/Fire      #.......     77%         3    ###....
 Inner Flame              Hex/Fire       #.......     83%         3    ###....
 Sticky Flame             Conj/Fire      #.......     99%         4    #####..
 Fireball                 Conj/Fire      #.........   100%        5    ######.


Dungeon Overview and Level Annotations

Branches:
Dungeon (5/15)             Temple (0/1) D:5

Altars:
Fedhas
Kikubaaqudgha
Makhleb
Ru
Trog
Xom

Annotations:
D:2 Sigmund


Innate Abilities, Weirdness & Mutations

You have a moderately thin skeletal structure. (Dex +4, Stealth+)
You are partially covered in sharp spines.
Your skin changes colour to match your surroundings (Stealth+).
Scrolls take you a little longer to read.
Your mind is acute. (Int +2)
Your muscles are strong. (Str +2)


Message History

You closely miss the orc priest.
The orc priest hits you with a +0 hand axe.
You hit the orc but do no damage. The orc is struck by your spines.
The orc hits you but does no damage.
The orc priest invokes the aid of Beogh against you.
Beogh smites you!
You closely miss the orc.
The orc is moderately wounded.
The orc hits you but does no damage.
Okay, then.
The orc priest casts a cantrip, but nothing happens.
The orc priest mumbles some strange prayers to Beogh against you.
Beogh smites you!
The orc priest begins to cast a cantrip, but forgets the words!
The orc priest calls down the wrath of Beogh upon you.
Beogh smites you!
* * * LOW HITPOINT WARNING * * *
The orc priest mumbles some strange prayers to Beogh against you.
Beogh smites you!
You die...

##### #...# #####
#...# #...#
##...###...#######
.......'.........#
########...#####@#
### #...# #o# ..#
#...# #.# ..#
##### #.# ..#
##########.# ..+
>..ooo..o#.# ..#
########o#o# ..#
#o#o# +##
#.#.###########


You could see 2 orc priests and an orc.

Vanquished Creatures
  An ice beast (D:3)
  A centaur (D:5)
  An orc priest (D:5)
  A jelly (D:5)
  A hound (D:4)
  A bullfrog skeleton (D:5)
  A worker ant (D:5)
  Robin (D:2)
  A worker ant zombie (D:5)
  A howler monkey skeleton (D:5)
  8 adders
  An adder zombie (D:5)
  A worm (D:2)
  3 dart slugs
  An orc (D:2)
  3 ball pythons
  12 bats
  2 giant cockroaches
  14 goblins
  17 hobgoblins
  2 jackals (D:1)
  A quokka (D:2)
  10 frilled lizards
  6 kobolds
  9 rats
100 creatures vanquished.

Notes
Turn   | Place    | Note
-------+----------+-------------------------------------------
     0 | D:1      | Amplified the Demonspawn Fire Elementalist began the quest
                  | for the Orb.
     0 | D:1      | Reached XP level 1. HP: 13/13 MP: 3/3
    56 | D:1      | Reached skill level 1 in Fighting
   314 | D:1      | Gained mutation: You are partially covered in sharp spines.
                  | [demonic ancestry]
   314 | D:1      | Reached XP level 2. HP: 19/21 MP: 3/5
   455 | D:1      | Reached skill level 1 in Maces & Flails
   536 | D:1      | Gained mutation: Your mind is acute. (Int +2) [potion of
                  | mutation]
   536 | D:1      | Gained mutation: Scrolls take you a little longer to read.
                  | [potion of mutation]
   536 | D:1      | Gained mutation: Your muscles are strong. (Str +2) [potion
                  | of mutation]
   536 | D:1      | Gained mutation: Your skin changes colour to match your
                  | surroundings (Stealth+). [potion of mutation]
   540 | D:1      | Reached skill level 2 in Fighting
   760 | D:1      | Reached XP level 3. HP: 27/27 MP: 6/6
   939 | D:2      | Found a blossoming altar of Fedhas.
  1154 | D:2      | Found a bloodstained altar of Trog.
  1437 | D:2      | Reached XP level 4. HP: 34/34 MP: 7/7
  1620 | D:2      | Found a bloodstained altar of Trog.
  1695 | D:2      | Reached skill level 3 in Fighting
  2036 | D:2      | Noticed Sigmund
  2330 | D:3      | Noticed Robin
  2801 | D:2      | Killed Robin
  2801 | D:2      | Reached XP level 5. HP: 21/41 MP: 8/8
  3050 | D:3      | Noticed an ice beast
  3064 | D:3      | Killed an ice beast
  3064 | D:3      | Reached skill level 4 in Fighting
  3341 | D:3      | Gained mutation: You have a somewhat thin skeletal
                  | structure. (Dex +2, Stealth) [demonic ancestry]
  3341 | D:3      | Reached XP level 6. HP: 48/48 MP: 9/9
  3460 | D:3      | Found a burning altar of Makhleb.
  3460 | D:3      | Found a shimmering altar of Xom.
  3462 | D:3      | Found an ancient bone altar of Kikubaaqudgha.
  3462 | D:3      | Found a sacrificial altar of Ru.
  3466 | D:3      | Became a worshipper of Makhleb the Destroyer
  3602 | D:5      | Entered Level 5 of the Dungeon
  3922 | D:5      | Found a staircase to the Ecumenical Temple.
  3993 | D:5      | Noticed an angel
  4043 | D:5      | Noticed a rust devil
  4194 | D:5      | Reached skill level 1 in Invocations
  4451 | D:5      | Reached skill level 5 in Fighting
  4451 | D:5      | Gained mutation: You have a moderately thin skeletal
                  | structure. (Dex +4, Stealth+) [demonic ancestry]
  4451 | D:5      | Reached XP level 7. HP: 37/56 MP: 10/10
  4467 | D:5      | Killed from afar by an orc priest

Skill      XL: |  1  2  3  4  5  6 |
---------------+-------------------+-----
Fighting       | 1 2 3 4 5 |  5.0
Maces & Flails | 1 2 3 4 |  4.3
Invocations    | 2 |  2.1
Dodging        | |  1.7
Stealth        | |  1.7
Spellcasting   | |  2.0
Conjurations   | |  1.0
Fire Magic     | |  2.6

Action                   |  1- 3 |  4- 6 |  7- 9 || total
-------------------------+-------+-------+-------++-------
Melee: Unarmed           |    31 |       |       ||    31
       Whip              |    57 |       |       ||    57
       Flail             |    31 |   130 |     3 ||   164
Throw: Javelin           |       |     5 |       ||     5
 Cast: Flame Tongue      |    17 |     3 |       ||    20
  Use: Scroll            |     7 |     3 |       ||    10
       Potion            |     2 |     3 |     1 ||     6
 Stab: Sleeping          |     6 |     6 |       ||    12
       Distracted        |       |     1 |       ||     1
  Eat: Chunk             |     2 |     6 |       ||     8
       Ration            |       |     1 |       ||     1
Armor: Robe              |    25 |    18 |       ||    43
       Scale mail        |       |    28 |     2 ||    30
Dodge: Dodged            |    97 |    82 |       ||   179
